 Dungeon Crawl Stone Soup version 0.29.1-4-g47bece8355 (webtiles) character file.

Game seed: 4956454627782797651

172 fantasyman the Covered (level 5, 0/42 HPs)
             Began as a Formicid Fighter on Dec 10, 2022.
             Slain by Robin
             ... wielding a +0 club
              (3 damage)
             ... on level 3 of the Dungeon.
             The game lasted 00:03:07 (2657 turns).

fantasyman the Covered (Formicid Fighter)           Turns: 2657, Time: 00:03:08

Health: 0/42       AC: 12    Str: 22    XL:     5   Next: 83%
Magic:  5/5        EV:  7    Int:  8    God:
Gold:   141        SH:  5    Dex: 13    Spells: 4/4 levels left

rFire   . . .      SeeInvis +   h - +0 morningstar
rCold   . . .      Faith    .   c - +0 buckler
rNeg    + . .      Spirit   .   n - +2 chain mail {rN+}
rPois   .          Reflect  .   (helmet unavailable)
rElec   .          Harm     .   (no cloak)
rCorr   .          Rampage  .   (no gloves)
Will    .....                   g - +0 pair of boots
Stlth   ..........              (no amulet)
HPRegen 0.14/turn               j - ring of flight
MPRegen 0.09/turn               (no ring)

@: flying
A: permanent stasis, dig shafts and tunnels, antennae 3, four strong arms
a: Dig, Shaft Self


You were on level 3 of the Dungeon.
You visited 1 branch of the dungeon, and saw 3 of its levels.

You collected 141 gold pieces.

Inventory:

Hand Weapons
 h - a +0 morningstar (weapon)
Armour
 b - a +1 scale mail
 c - a +0 buckler (worn)
 g - a +0 pair of boots (worn)
 n - a +2 chain mail of positive energy (worn)
Jewellery
 j - a ring of flight (left hand)
Wands
 m - a wand of mindburst (10)
Scrolls
 a - 3 scrolls of magic mapping
 i - a scroll of enchant weapon {unknown}
 k - 2 scrolls of vulnerability {unknown}
 l - a scroll of blinking {unknown}
Potions
 d - 3 potions of might
 e - a potion of curing {unknown}
 f - a potion of flight {unknown}
 o - a potion of heal wounds {unknown}


   Skills:
 * Level 4.1 Fighting
 * Level 3.7 Maces & Flails
 * Level 4.5 Armour
 * Level 1.7 Stealth
 - Level 4.1 Shields


You had 4 spell levels left.
You didn't know any spells.
Your spell library contained the following spells:

 Spells                   Type           Power      Damage    Failure   Level
 Sublimation of Blood     Necr           0%         N/A       100%        2
 Wereblood                Tmut           0%         N/A       100%        2
 Summon Forest            Summ/Tloc      0%         N/A       100%        5
 Eringya's Noxious Bog    Tmut/Pois      0%         N/A       100%        6
 Summon Hydra             Summ           0%         N/A       100%        7


Dungeon Overview and Level Annotations

Branches:
Dungeon (3/15)

Altars:
Hepliaklqana

Annotations:
D:3 Robin


Innate Abilities, Weirdness & Mutations

You cannot be hasted, slowed, berserked, paralysed or teleported.
You can dig through walls and to a lower floor.
You have a pair of large antennae on your head. (SInv)
Your four strong arms can wield two-handed weapons with a shield.


Message History

You are too injured to fight recklessly!
Unknown command.
You are too injured to fight recklessly!
Unknown command.
You are too injured to fight recklessly!
You hit the goblin.
You kill the goblin!
You feel very sick.
You puncture the goblin!
You kill the goblin!
You feel very sick.
You puncture the hobgoblin!
You kill the hobgoblin!
You feel very sick. The goblin hits you but does no damage.
You hit the goblin.
You kill the goblin!
You feel sick.
You barely miss the goblin.
You feel sick. The goblin hits you but does no damage.
You sock the goblin!
You kill the goblin!
You feel sick. The goblin hits you but does no damage.
You sock the goblin!
You kill the goblin!
You feel sick.
You barely miss Robin.
Robin is lightly wounded.
You feel sick.
You are no longer poisoned.
Robin hits you with a +0 club.
* * * LOW HITPOINT WARNING * * *
You hit Robin.
Robin is heavily wounded.
Robin hits you but does no damage. Robin barely misses you.
You hit Robin.
Robin is severely wounded.
Robin points. "Kill!"
Robin hits you with a +0 club.
You die...

########.#.##
#...........#
#.#####.##..# #.#
#.##..#### #.#
#.......#. ###.###
#.###.#†#.
#.....###.#...#.#.
#.#...............
#@##......#.#.....
#g##......#.......
#........####.#...
####.....# #.###.
#.....# #. #.
#.....# #. ..
#########)....#
##.#
.........g....#
....
..........#####
##.#


You could see Robin.

Vanquished Creatures
  Jessica (D:3)
  Terence (D:3)
  3 adders
  A worm (D:2)
  3 dart slugs
  An orc (D:3)
  2 bats (D:2)
  4 endoplasms
  6 giant cockroaches
  8 hobgoblins
  8 jackals
  5 quokkas
  3 ball pythons
  3 frilled lizards
  13 goblins
  7 kobolds
  9 rats
78 creatures vanquished.

Notes
Turn   | Place    | Note
-------+----------+-------------------------------------------
     0 | D:1      | fantasyman the Formicid Fighter began the quest for the
                  | Orb.
     0 | D:1      | Reached XP level 1. HP: 18/18 MP: 1/1
   120 | D:1      | Reached XP level 2. HP: 23/24 MP: 2/2
   494 | D:1      | Reached XP level 3. HP: 25/30 MP: 3/3
   556 | D:1      | Found a faded altar of an unknown god.
   599 | D:1      | You fall into a shaft and drop 1 floor!
  1141 | D:2      | Found a hazy altar of Hepliaklqana.
  1239 | D:2      | Reached skill level 1 in Stealth
  1239 | D:2      | Reached XP level 4. HP: 26/37 MP: 4/4
  2080 | D:3      | Noticed Jessica
  2085 | D:3      | Killed Jessica
  2086 | D:3      | Reached XP level 5. HP: 42/42 MP: 5/5
  2182 | D:3      | Noticed Terence
  2196 | D:3      | Killed Terence
  2617 | D:3      | Noticed Robin
  2657 | D:3      | Slain by Robin

Illustrated notes

Levels and vault maps discovered:
D:1:      saegor_arrival_simple_b, layout_loops_cross,
          hellmonk_ecumenical_altar_defaced_shrine, roderic_lattice_a
D:2:      layout_basic, basic_altar, grunt_ministairs_8,
          minmay_misc_feat_hallway, small_statue_intersection
D:3:      layout_basic, st_stairs_2, uniq_robin, uniq_terence, uniq_jessica

Skill      XL: |  1  2  3  4 |
---------------+-------------+-----
Armour         | 4 |  4.5
Stealth        | 1 |  1.7
Maces & Flails | 3 |  3.7
Fighting       | 4 |  4.1
Shields        | |  4.1

Action                   |  1- 3 |  4- 6 || total
-------------------------+-------+-------++-------
Melee: Flail             |    71 |       ||    71
       Morningstar       |    68 |   117 ||   185
 Abil: Dig               |       |     1 ||     1
  Use: Scroll            |     1 |     2 ||     3
Armor: Scale mail        |    84 |    58 ||   142
       Chain mail        |       |    23 ||    23
Dodge: Dodged            |    67 |    68 ||   135
Block: Buckler           |    48 |    37 ||    85
